 Dungeon Crawl Stone Soup version 0.26-a0-651-gb41185065b (webtiles) character file.

Game seed: 7982280867090019101

(classic levelgen) 9690 EnegeticOcto the Cleaver (level 11, 0/100 HPs)
             Began as a Deep Dwarf Fighter on Oct 9, 2020.
             Was a Priest of Makhleb.
             Slain by an orc warrior
             ... wielding a +0 dire flail
              (15 damage)
             ... on level 11 of the Dungeon.
             The game lasted 00:04:26 (4951 turns).

EnegeticOcto the Cleaver (Deep Dwarf Fighter)       Turns: 4951, Time: 00:04:27

Health: 0/100      AC: 13    Str: 23    XL:     11   Next: 26%
Magic:  5/5        EV:  6    Int:  9    God:    Makhleb [***...]
Gold:   426        SH: 11    Dex: 12    Spells: 10/10 levels left

rFire    . . .     SeeInvis .   a - +7 broad axe (holy)
rCold    + . .     Faith    .   c - +0 kite shield
rNeg     . . .     Spirit   .   q - +0 plate armour
rPois    .         Reflect  .   v - +1 helmet
rElec    .         Harm     .   e - +0 cloak
rCorr    .         Rampage  .   (no gloves)
MR       ++...                  (no boots)
Stlth    ..........             x - amulet of the acrobat
HPRegen  0.00/turn              w - ring of protection from magic
MPRegen  0.09/turn              j - ring of protection from cold

@: corroded, non-regenerating
A: damage resistance, heal wounds, sense surroundings 2, no regeneration
a: Heal Wounds, Minor Destruction, Lesser Servant of Makhleb, Renounce Religion


You were on level 11 of the Dungeon.
You worshipped Makhleb.
Makhleb was most pleased with you.
You visited 2 branches of the dungeon, and saw 12 of its levels.
You also visited: Ossuary.

You collected 426 gold pieces.

Inventory:

Hand Weapons
 a - a +7 broad axe of holy wrath (weapon)
Armour
 c - a +0 kite shield (worn)
 e - a +0 cloak (worn)
 q - a +0 plate armour (worn)
 v - a +1 helmet (worn)
Jewellery
 j - a ring of protection from cold (right hand)
 w - a ring of protection from magic (left hand)
 x - an amulet of the acrobat (around neck)
Wands
 i - a wand of paralysis (6)
 r - a wand of iceblast (7) {@v2}
 A - a wand of disintegration (10)
 C - a wand of enslavement (14)
Scrolls
 k - 2 scrolls of fear
 m - 2 scrolls of teleportation {@r3}
 n - a scroll of blinking
 p - 4 scrolls of remove curse {@r2}
 t - a scroll of magic mapping {@r5}
 y - a scroll of identify {@r1}
 D - a scroll of immolation {@r4}
Potions
 b - 2 potions of magic
 d - 5 potions of might {@q3}
 f - 3 potions of invisibility
 g - 3 potions of heal wounds {@q2}
 h - 4 potions of haste {@q4}
 l - 6 potions of stabbing {@q5}
 o - 6 potions of flight
 s - 2 potions of lignification {@q7}
 u - 2 potions of mutation
 z - a potion of degeneration {unknown}
 B - 5 potions of curing {@q1}
 E - a potion of berserk rage {unknown}


   Skills:
 + Level 7.4 Fighting
 * Level 11.7 Axes
 + Level 9.0 Armour
 + Level 8.9 Shields
 + Level 7.1 Invocations


You had 10 spell levels left.
You didn't know any spells.
Your spell library was empty.

Dungeon Overview and Level Annotations

Branches:
Dungeon (11/15)            Temple (1/1) D:7            Lair (0/6) D:8
Ossuary (visited)
    Orc: D:9-12

Altars:
Ashenzari
Cheibriados
Elyvilon
Fedhas
Gozag
Hepliaklqana
Kikubaaqudgha
Makhleb
Nemelex Xobeh
Okawaru
Qazlal
Ru
Sif Muna
Trog
Uskayaw
Vehumet
Wu Jian
Xom
Yredelemnul
Zin
The Shining One
Lugonu

Annotations:
D:5 2 runed translucent doors, Flugslaktarn's ghost, novice DDFi


Innate Abilities, Weirdness & Mutations

You are resistant to damage.
You can heal yourself by infusing magical energy.
You passively map the area around you.
You do not regenerate.


Message History

The orc warrior hits you from afar with a +0 trident.
The iguana bites you but does no damage.
The orc priest hits you but does no damage.
The orc hits you but does no damage. The red ugly thing stings you!
You are engulfed in flames!
You block the centaur's attack.
You are too injured to fight recklessly!
You are too injured to fight recklessly!
You are too injured to fight recklessly!
You are too injured to fight recklessly!
You are too injured to fight recklessly!
You are too injured to fight recklessly!
You are too injured to fight recklessly!
You are too injured to fight recklessly!
You are too injured to fight recklessly!
You feel much better.
The orc warrior hits you from afar with a +0 trident!
The iguana bites you. The orc priest barely misses you.
The centaur hits you but does no damage.
You block the orc's attack.
The red ugly thing stings you but does no damage.
Your magical essence is drained by the effort!
You feel much better. You block the centaur's attack.
You block the orc warrior's attack.
The iguana bites you but does no damage.
The orc priest looks braver for a moment.
The orc hits you but does no damage. The centaur barely misses you.
The red ugly thing stings you.
You are engulfed in flames!
You closely miss the centaur.
The centaur is severely wounded.
You hit the iguana but do no damage. You barely miss the orc priest.
You hit the orc.
You hit the red ugly thing but do no damage.
The orc priest mumbles some strange prayers to Beogh against you.
Beogh smites you! You block the iguana's attack.
The orc warrior hits you from afar with a +0 trident.
You block the centaur's attack.
The orc priest hits you with a +0 hand axe.
You block the orc's attack.
The red ugly thing stings you but does no damage.
You hit the centaur but do no damage.
The centaur is severely wounded.
You slash the red ugly thing! You slash the orc!
You kill the orc!
Makhleb accepts your kill.
You feel better.
You slash the orc priest!
You kill the orc priest!
Makhleb accepts your kill.
You hit the iguana but do no damage. You block the centaur's attack.
The iguana barely misses you.
The orc warrior hits you but does no damage.
You block the centaur's attack.
The red ugly thing stings you but does no damage.
You hit the centaur.
The centaur is almost dead.
You slash the iguana! You barely miss the orc. You slash the red ugly thing!
You block the centaur's attack.
The orc priest looks encouraged for a moment.
The iguana bites you! The orc warrior completely misses you.
The red ugly thing barely misses you.
You barely miss the centaur.
The centaur is almost dead.
You hit the iguana. You closely miss the orc. You closely miss the orc warrior.
You hit the red ugly thing. You block the centaur's attack.
The orc priest invokes the aid of Beogh against you.
Beogh smites you! You block the iguana's attack.
The orc hits you but does no damage. The orc warrior barely misses you.
You block the centaur's attack. You block the orc warrior's attack.
The red ugly thing stings you.
You are engulfed in flames!
* * * LOW HITPOINT WARNING * * *
You are too injured to fight recklessly!
You are too injured to fight recklessly!
You are too injured to fight recklessly!
You are too injured to fight recklessly!
You are too injured to fight recklessly!
You are too injured to fight recklessly!
You are too injured to fight recklessly!
You are too injured to fight recklessly!
You are too injured to fight recklessly!
You are too injured to fight recklessly!
You are too injured to fight recklessly!
You are too injured to fight recklessly!
You are too injured to fight recklessly!
You are too injured to fight recklessly!
You are too injured to fight recklessly!
You are too injured to fight recklessly!
You are too injured to fight recklessly!
You are too injured to fight recklessly!
You are too injured to fight recklessly!
You are too injured to fight recklessly!
Your magical essence is drained by the effort!
You feel much better.
The centaur hits you but does no damage.
You block the iguana's attack.
The orc warrior hits you from afar with a +0 trident!
You block the orc's attack. The red ugly thing stings you!
* * * LOW HITPOINT WARNING * * *
You are engulfed in flames!
* * * LOW HITPOINT WARNING * * *
The orc warrior hits you with a +0 dire flail!!
You die...

, , * ,## ....## **
* , * .^##..... ,*
,, ........## * , ,
* .........# , ,,
,, , , .........# *
* , ,.......o., * ,
.....ocl# * *
......u@##* * , *
,##..##oo(##### , *
#...((..####* * , ,
###..##....#######.
, ##...............
* ,,
##########.....# *
* #<..... ,* , , *
#.....# * * ,* , *
.......


You could see a red ugly thing, 2 orc warriors, a centaur, an iguana, an orc
priest and an orc.

Vanquished Creatures
  A two-headed ogre (D:9)
  An ugly thing (D:11)
  Joseph (D:8)
  A gargoyle (D:10)
  A troll (D:10)
  A shadow (D:11)
  Sigmund (D:3)
  8 yaks
  A basilisk (D:8)
  Grum (D:10)
  A water moccasin (D:9)
  3 porcupines (D:8)
  An ice beast (D:5)
  3 sky beasts
  3 orc warriors (D:8)
  3 ogres
  A phantom (D:8)
  2 black bears
  A necrophage (D:7)
  3 centaurs
  8 wolves
  2 crocodiles (D:8)
  A big kobold (D:9)
  2 bullfrogs
  4 water moccasin zombies (Ossuary)
  3 scorpions
  A water moccasin skeleton (D:4)
  9 killer bees
  7 howler monkeys
  A quasit (D:8)
  3 centaur zombies
  13 orc wizards
  3 bullfrog skeletons
  12 orc priests
  5 hounds
  5 jellies
  3 iguanas
  9 worker ants
  A hound zombie (D:10)
  3 mummies
  A worker ant zombie (D:6)
  11 adders
  A shadow imp (D:5)
  2 white imps
  2 ufetubi
  7 adder zombies
  2 worms
  A dart slug (D:2)
  4 leopard geckos
  30 orcs
  A bat (D:3)
  5 giant cockroaches
  5 goblins
  4 hobgoblins
  3 jackals (D:8)
  3 kobolds
  6 quokkas
  3 gnoll zombies (Ossuary)
  6 hobgoblin zombies (Ossuary)
  5 kobold zombies
  9 orc zombies
  A quokka skeleton (D:5)
  A quokka zombie (D:5)
  18 rats (D:2)
264 creatures vanquished.

Vanquished Creatures (others)
  4 fungi (D:8)
  25 plants (D:8)
29 creatures vanquished.

Grand Total: 293 creatures vanquished

Notes
Turn   | Place    | Note
-------+----------+-------------------------------------------
     0 | D:1      | EnegeticOcto the Deep Dwarf Fighter began the quest for the
                  | Orb.
     0 | D:1      | Reached XP level 1. HP: 20/20 MP: 1/1
   182 | D:2      | Found a glowing golden altar of the Shining One.
   185 | D:2      | Reached XP level 2. HP: 20/27 MP: 2/2
   249 | D:2      | Reached skill level 3 in Axes
   287 | D:2      | Reached XP level 3. HP: 20/34 MP: 3/3
   389 | D:3      | Noticed Sigmund
   410 | D:3      | Killed Sigmund
   410 | D:3      | Reached skill level 4 in Axes
   410 | D:3      | Reached XP level 4. HP: 36/42 MP: 3/3
   410 | D:3      | Reached XP level 5. HP: 42/49 MP: 4/4
   467 | D:4      | Reached XP level 6. HP: 42/57 MP: 5/5
   533 | D:4      | Reached skill level 5 in Axes
   656 | D:4      | HP: 2/57 [ogre/+0 giant club (15)]
   715 | D:4      | Found an ornate altar of the Wu Jian Council.
   716 | D:4      | Found a hide-covered altar of Uskayaw.
   717 | D:4      | Found a shimmering blue altar of Sif Muna.
   839 | D:4      | Reached XP level 7. HP: 58/64 MP: 5/5
  1019 | D:5      | Entered Level 5 of the Dungeon
  1023 | D:5      | Reached skill level 5 in Armour
  1035 | D:5      | Reached skill level 5 in Shields
  1057 | D:5      | Reached skill level 6 in Axes
  1130 | D:5      | Found a runed translucent door.
  1256 | D:5      | Found a hazy altar of Hepliaklqana.
  1310 | D:5      | Found an iron altar of Okawaru.
  1490 | D:5      | Found a runed translucent door.
  1493 | D:5      | Noticed Flugslaktarn's ghost (novice DDFi)
  1619 | D:6      | Identified a scroll of acquirement
  1619 | D:6      | Acquired a +6 broad axe of holy wrath
  1630 | D:6      | Reached XP level 8. HP: 30/73 MP: 6/6
  1717 | D:6      | Reached skill level 7 in Axes
  1721 | D:6      | Found a shimmering altar of Xom.
  1940 | D:6      | Found a bloodstained altar of Trog.
  2056 | D:6      | Found an opulent altar of Gozag.
  2185 | D:7      | Found a blossoming altar of Fedhas.
  2194 | D:7      | Found a sacrificial altar of Ru.
  2259 | D:7      | Found a sand-covered staircase.
  2264 | Ossuary  | Entered an ossuary
  2283 | Ossuary  | Reached skill level 5 in Fighting
  2449 | D:7      | Reached skill level 8 in Axes
  2483 | D:7      | Found a staircase to the Ecumenical Temple.
  2492 | Temple   | Entered the Ecumenical Temple
  2513 | Temple   | Became a worshipper of Makhleb the Destroyer
  2595 | D:8      | Reached skill level 1 in Invocations
  2595 | D:8      | Gained mutation: You passively map the area around you.
                  | [Deep Dwarf growth]
  2595 | D:8      | Reached XP level 9. HP: 66/81 MP: 6/6
  2696 | D:8      | Reached * piety under Makhleb
  2707 | D:8      | Found a staircase to the Lair.
  2719 | D:8      | Reached skill level 9 in Axes
  2795 | D:8      | Noticed Joseph
  2819 | D:8      | Killed Joseph
  2852 | D:8      | Reached XP level 10. HP: 47/92 MP: 7/7
  2875 | D:8      | Reached skill level 10 in Axes
  2892 | D:8      | Reached ** piety under Makhleb
  3054 | D:8      | Found a white marble altar of Elyvilon.
  3333 | D:9      | Reached skill level 5 in Invocations
  3577 | D:9      | Noticed a two-headed ogre
  3585 | D:9      | Killed a two-headed ogre
  3585 | D:9      | Reached skill level 11 in Axes
  3909 | D:9      | Reached *** piety under Makhleb
  3948 | D:9      | Found a glowing silver altar of Zin.
  3999 | D:10     | Entered Level 10 of the Dungeon
  4025 | D:10     | Reached XP level 11. HP: 100/100 MP: 8/8
  4544 | D:10     | Noticed Grum
  4563 | D:10     | Killed Grum
  4924 | D:11     | Noticed a brown ugly thing
  4927 | D:11     | Identified the +6 scale mail of Wosis {rPois}
  4930 | D:11     | Noticed a red ugly thing
  4935 | D:11     | Killed a brown ugly thing
  4951 | D:11     | Slain by an orc warrior

Illustrated notes

Levels and vault maps discovered:
D:1:      lightli_molten_gateway, layout_basic, minmay_quantized
D:2:      layout_rooms, overflow_temple_1_default, minmay_rat_hole
D:3:      layout_rooms, uniq_sigmund, uniq_robin
D:4:      layout_cave_pools, minitemple, hangedman_decor_clover_reticule
D:5:      layout_rooms, nicolae_overflow_crystal_walls, okawaru_metal_pillars_3,
          ebering_ghost_sewer_f
D:6:      layout_cave_pools, lemuel_doored_altar, kennysheep_mini, bloody_trog,
          dk_noncrumbling_4, grunt_ministairs_8
D:7:      layout_rooms, nicolae_overflow_hidden_temple,
          overflow_temple_1_default, minmay_temple_entry_mist,
          nicolae_ossuary_entry_giza
D:8:      layout_loops_ring, elyvilon_altar_3, minmay_lair_entry_grove,
          uniq_joseph
D:9:      layout_gridville, kennysheep_mini_moat
D:10:     layout_grid_maze, uniq_grum
D:11:     layout_rooms, blue_anna_alchemist [blue_anna_fruit_fields,
          blue_anna_fruit_fields]
Temple:   corrupted_temple

Skill      XL: |  1  2  3  4  5  6  7  8  9 10 11 |
---------------+----------------------------------+-----
Axes           | 3 4 5 6 8 9 11 | 11.7
Fighting       | 3 4 5 6 7 |  7.4
Armour         | 4 5 6 7 8 9 |  9.0
Shields        | 4 5 6 7 8 |  8.9
Invocations    | 1 4 6 7 |  7.1

Action                   |  1- 3 |  4- 6 |  7- 9 | 10-12 || total
-------------------------+-------+-------+-------+-------++-------
Melee: War axe           |    82 |    82 |    71 |       ||   235
       Broad axe         |       |       |   214 |   241 ||   455
 Abil: Heal Wounds       |     2 |     4 |     9 |    16 ||    31
  Use: Scroll            |       |       |    17 |     5 ||    22
Armor: Scale mail        |    32 |       |       |       ||    32
       Plate armour      |     5 |    51 |   185 |   168 ||   409
Dodge: Dodged            |    18 |     8 |    50 |    74 ||   150
Block: Kite shield       |    42 |    33 |   151 |   195 ||   421

Table legend: (Time is in decaauts)
 A = Elapsed time spent in this place.
 B = Non-inter-level travel time spent in this place.
 C = Inter-level travel time spent in this place.
 D = Time resting spent in this place.
 E = Time spent auto-exploring this place.
 F = Levels seen in this place.
 G = Mean time per level.
                   A        B        C        D        E       F      G
               +--------+--------+--------+--------+--------+-----+--------+
         Total |   5111 |   4847 |    264 |      0 |   3307 |  13 |  393.2 |
       Dungeon |   4927 |   4678 |    249 |      0 |   3222 |  11 |  447.9 |
        Temple |     37 |     22 |     15 |      0 |     15 |   1 |   37.0 |
       Ossuary |    145 |    145 |      0 |      0 |     70 |   1 |  145.0 |
               +--------+--------+--------+--------+--------+-----+--------+

Top non-repeatable levels by time:
    D:10: 918 daAuts
     D:8: 737 daAuts
     D:9: 726 daAuts
     D:5: 605 daAuts
     D:4: 584 daAuts
     D:6: 477 daAuts
     D:7: 338 daAuts
     D:2: 242 daAuts
 Ossuary: 145 daAuts
     D:3: 128 daAuts
     D:1: 126 daAuts
    D:11: 41 daAuts
  Temple: 37 daAuts
